 Dungeon Crawl Stone Soup version 0.16.2-2-g470672f (webtiles) character file.

177 monobi the Sneak (level 5, -3/36 HPs)
             Began as an Octopode Monk on Sept 3, 2015.
             Slain by Duvessa
             ... wielding a +0 short sword
              (14 damage)
             ... on level 4 of the Dungeon.
             The game lasted 00:03:47 (2250 turns).

monobi the Sneak (Octopode Monk)                    Turns: 2250, Time: 00:03:47

Health: -3/36      AC:  1    Str: 11    XL:     5   Next: 57%
Magic:  5/5        EV: 14    Int: 17    God:
Gold:   71         SH:  0    Dex: 15    Spells: 0 memorised, 4 levels left

rFire  . . .     SeeInvis .       - Unarmed
rCold  . . .     Rnd*Rage +     (no shield)
rNeg   . . .     SustAb   .     (helmet restricted)
rPois  .         Gourm    .     (no amulet)
rElec  .         Spirit   .     (no ring)
rCorr  .         Warding  .     (no ring)
rMut   .         Rnd*Tele +     (no ring)
MR     .....                    (no ring)
Stlth  ++++......               (no ring)
                                (no ring)
                                (no ring)
                                (no ring)

@: brilliant, lethally poisoned (-3 -> -5), not resistant to hostile
enchantments, stealthy
A: almost no armour, amphibious, 8 rings, constrict 8, camouflage 1, berserk 1,
spit poison 1, teleportitis 1, gelatinous body 1
a: Spit Poison


You were on level 4 of the Dungeon.
You were hungry.

You visited 1 branch of the dungeon, and saw 4 of its levels.

You collected 71 gold pieces.

Inventory:

Missiles
 h - a throwing net (quivered)
Jewellery
 i - an uncursed ring of protection from magic {unknown}
Scrolls
 a - a scroll of immolation {unknown}
 c - 2 scrolls of amnesia {unknown}
 d - 3 scrolls of remove curse {unknown}
 e - a scroll of blinking {unknown}
 f - a scroll of noise {unknown}
 j - 3 scrolls of identify {unknown}
 l - a scroll of enchant weapon {unknown}
 m - 2 scrolls of teleportation {unknown}
Potions
 p - 2 potions of berserk rage {unknown}
 q - a potion of agility {unknown}
Comestibles
 b - 3 bread rations
 g - 6 chunks of flesh
 k - 2 meat rations
 o - a beef jerky


   Skills:
 + Level 3.5 Fighting
 + Level 0.2 Throwing
 + Level 3.9 Dodging
 + Level 5.0 Stealth
 + Level 4.9 Unarmed Combat


You had 4 spell levels left.
You didn't know any spells.

Dungeon Overview and Level Annotations

Branches:
Dungeon (4/15)
 Temple: D:4-7

Altars:
Ashenzari
Sif Muna
Vehumet

Annotations:
D:3 monobi's ghost, average OpMo
D:4 Duvessa


Innate Abilities, Weirdness & Mutations

You cannot wear most types of armour.
You are amphibious.
You can wear up to eight rings at the same time.
You can use your tentacles to constrict many enemies at once.
Your skin changes colour to match your surroundings (Stealth).
Your rubbery body absorbs attacks (AC +1).
You tend to lose your temper in combat.
You can spit poison.
Space occasionally distorts in your vicinity.


Message History

Duvessa is nearby!
You are too injured to fight recklessly!
Duvessa is nearby!
You are too injured to fight recklessly!
Duvessa is nearby!
You are too injured to fight recklessly!
Duvessa is nearby!
You are too injured to fight recklessly!
Duvessa is nearby!
You are too injured to fight recklessly!
Duvessa is nearby!
You are too injured to fight recklessly!
You barely miss Duvessa. You grab Duvessa.
You constrict Duvessa, but do no damage.
Duvessa barely misses you.
Drink which item? (? for menu, Esc to quit)
It was a potion of brilliance.
You feel clever all of a sudden.
You constrict Duvessa. Duvessa hits you with a short sword!
You die...

#.####.#### ##.## #...<.
#####...###.....
#.†.............
#.###...###..... #.#
##.## ##...# ##.## #.#
##.## #########...# #.#
##.##
.......e@.#.....#####...#
####.####...#####........
##### #.###...# #........
#.####... ####


You could see Duvessa (berserk).

Vanquished Creatures
  Dowan (D:4)
  An orc priest (D:4)
  An orc wizard (D:4)
  A gnoll (D:1)
  An adder (D:4)
  2 worms
  A giant gecko (D:3)
  An orc (D:4)
  A ball python (D:2)
  5 giant cockroaches
  5 goblins
  8 hobgoblins
  6 jackals
  4 kobolds
  8 bats
  2 giant newts (D:1)
  8 rats
56 creatures vanquished.

Notes
Turn   | Place    | Note
--------------------------------------------------------------
     0 | D:1      | monobi, the Octopode Monk, began the quest for the Orb.
     0 | D:1      | Reached XP level 1. HP: 16/16 MP: 1/1
    89 | D:1      | Reached XP level 2. HP: 3/21 MP: 2/2
   697 | D:1      | Reached XP level 3. HP: 17/26 MP: 3/3
  1717 | D:2      | Found a deep blue altar of Sif Muna.
  1819 | D:2      | Reached XP level 4. HP: 29/31 MP: 4/4
  1973 | D:3      | Found a radiant altar of Vehumet.
  1983 | D:3      | Found a shattered altar of Ashenzari.
  2029 | D:3      | Noticed monobi's ghost (average OpMo)
  2104 | D:3      | You fall through a shaft!
  2113 | D:4      | Gained mutation: Space occasionally distorts in your vicinity. [potion of mutation]
  2113 | D:4      | Gained mutation: You tend to lose your temper in combat. [potion of mutation]
  2113 | D:4      | Gained mutation: You can spit poison. [potion of mutation]
  2120 | D:4      | Reached XP level 5. HP: 17/36 MP: 5/5
  2241 | D:4      | Noticed Dowan
  2243 | D:4      | Noticed Duvessa
  2247 | D:4      | Killed Dowan
  2247 | D:4      | Reached skill level 5 in Stealth
  2250 | D:4      | Slain by Duvessa

Action                   |  1- 3 |  4- 6 || total
-------------------------+-------+-------++-------
Melee: Unarmed           |    83 |    37 ||   120
Throw: Throwing net      |       |     1 ||     1
 Abil: Spit Poison       |       |     1 ||     1
  Use: Potion            |       |     3 ||     3
 Stab: Sleeping          |     6 |     7 ||    13
       Distracted        |     1 |       ||     1
  Eat: Bread ration      |     1 |       ||     1
